 Dungeon Crawl Stone Soup version 0.31.0-7-gf635a9b802 (webtiles) character file.

Game seed: 1227559700965532350

14735 Bnni the Geomancer (level 12, -4/94 HPs)
             Began as a Formicid Earth Elementalist on Jan 23, 2024.
             Was a Believer of Cheibriados.
             Slain by a six-headed hydra (8 damage)
             ... on level 11 of the Dungeon.
             The game lasted 00:26:00 (11278 turns).

Bnni the Geomancer (Formicid Earth Elementalist)   Turns: 11278, Time: 00:26:01

Health: -4/94      AC: 14    Str: 18    XL:     12   Next: 48%
Magic:  21/24      EV: 12    Int: 29    God:    Cheibriados [**....]
Gold:   95         SH:  5    Dex: 18    Spells: 7/27 levels left

rFire   . . .        L - +4 scimitar (flame)
rCold   . . .        F - orb {guile}
rNeg    . . .        G - +2 robe {Will+}
rPois   .            (helmet unavailable)
rElec   .            O - +1 cloak
rCorr   .            H - +2 pair of gloves {Stlth+}
SInv    +            l - +0 pair of boots
Will    .....        u - amulet of reflection
Stlth   +++          w - +6 ring of intelligence
HPRegen 0.35/turn    N - +4 ring of protection
MPRegen 0.19/turn

%: reflection
@: very slow
A: permanent stasis, dig shafts and tunnels, antennae 3, four strong arms
a: Dig, Shaft Self, Renounce Religion, Bend Time


You were on level 11 of the Dungeon.
You worshipped Cheibriados.
Cheibriados was pleased with you.
You visited 2 branches of the dungeon, and saw 12 of its levels.
You also visited: Bailey.

You collected 335 gold pieces.
You spent 240 gold pieces at shops.

Inventory:

Hand Weapons
 E - a +4 trident of draining
 I - a +2 short sword of venom
 L - a +4 scimitar of flaming (weapon)
Missiles
 D - 3 curare-tipped darts
Armour
 i - a +0 plate armour
 l - a +0 pair of boots (worn)
 F - an orb of guile (worn)
 G - a +2 robe of willpower (worn)
 H - a +2 pair of gloves of stealth (worn)
 J - the +2 scale mail "Meudgh" {^Drain rN+ MP+9 Slay+3}
   (You found it in a bailey)

   Slay+3:    It affects your accuracy & damage with ranged weapons and melee
   (+3).
   rN+:       It protects you from negative energy.
   MP+9:      It affects your magic capacity (+9).
   ^Drain:    It drains your maximum health when unequipped.
 O - a +1 cloak (worn)
Jewellery
 u - an amulet of reflection (around neck)
 w - a +6 ring of intelligence (left hand)
 z - a ring of protection from cold
 C - a ring of protection from cold
 N - a +4 ring of protection (right hand)
 Q - a +6 ring of intelligence
 S - a +4 ring of protection
Wands
 a - a wand of mindburst (21)
 b - a wand of acid (8)
 x - a wand of flame (35)
 y - a wand of polymorph (7)
 K - a wand of iceblast (1)
Scrolls
 c - 2 scrolls of fog {unknown}
 d - 8 scrolls of teleportation {unknown}
 e - a scroll of enchant weapon {unknown}
 m - 8 scrolls of identify {unknown}
 n - 5 scrolls of noise {unknown}
 o - 3 scrolls of revelation {unknown}
 q - 5 scrolls of enchant armour
 s - 2 scrolls of amnesia {unknown}
 A - a scroll of acquirement
 M - a scroll of blinking {unknown}
 T - a scroll of brand weapon {unknown}
Potions
 f - 2 potions of lignification {unknown}
 g - a potion of invisibility {unknown}
 h - 5 potions of curing
 j - 5 potions of mutation {unknown}
 k - 3 potions of heal wounds {unknown}
 p - a potion of might {unknown}
 r - a potion of brilliance {unknown}
 t - 3 potions of cancellation {unknown}
 v - a potion of attraction {unknown}
 B - a potion of haste {unknown}
 P - a potion of degeneration {unknown}


   Skills:
 + Level 8.4 Fighting
 + Level 4.3 Armour
 - Level 1.7 Dodging
 - Level 2.4 Stealth
 + Level 8.1 Spellcasting
 - Level 3.0 Conjurations
 - Level 8.0 Necromancy
 * Level 13.4 Earth Magic
 - Level 8.0 Alchemy
 + Level 4.3 Invocations


You had 7 spell levels left.
You knew the following spells:

 Your Spells              Type           Power      Damage    Failure   Level
a - Sandblast             Erth           100%       2d20      1%          1
b - Passwall              Erth           74%        N/A       1%          3
c - Stone Arrow           Conj/Erth      100%       3d13      1%          3
d - Olgreb's Toxic Radia  Alch           55%        N/A       1%          4
h - Borgnjor's Vile Clut  Necr/Erth      32%        N/A       1%          5
p - Petrify               Alch/Erth      65%        N/A       1%          4

Your spell library contained the following spells:

 Spells                   Type           Power      Damage    Failure   Level
 Magic Dart               Conj           100%       1d8       1%          1
 Necrotise                Necr           100%       1d9       1%          1
 Sting                    Conj/Alch      100%       1d9       1%          1
 Mercury Vapours          Alch/Air       68%        N/A       1%          2
 Searing Ray              Conj           58%        2d6       1%          2
 Brom's Barrelling Bould  Conj/Erth      56%        2d7       1%          4
 Static Discharge         Conj/Air       40%        3-5/arc   3%          2
 Mephitic Cloud           Conj/Alch/Air  33%        N/A       3%          3
 Apportation              Tloc           22%        N/A       4%          1
 Freeze                   Ice            44%        1d6       4%          1
 Summon Small Mammal      Summ           44%        N/A       4%          1
 Fulminant Prism          Conj/Alch      21%        3d12      4%          4
 Alistair's Intoxication  Alch           36%        N/A       4%          5
 Hailstorm                Conj/Ice       20%        3d7       8%          3
 Frozen Ramparts          Ice            22%        1d4       14%         3
 Eringya's Noxious Bog    Alch           27%        4d6       26%         6
 Iskenderun's Battlesphe  Conj           29%        2d8       36%         5
 Airstrike                Air            5%         2d(1-17)  41%         4
 Summon Lightning Spire   Summ/Air       11%        N/A       41%         4
 Fireball                 Conj/Fire      10%        3d6       56%         5
 Freezing Cloud           Conj/Ice/Air   8%         6-21      63%         5
 Conjure Ball Lightning   Conj/Air       10%        3x3d6     98%         6
 Orb of Destruction       Conj           14%        9d7       100%        7


Dungeon Overview and Level Annotations

Branches:
Dungeon (11/15)            Temple (1/1) D:7            Lair (0/5) D:9
    Orc (0/2) D:10         Bailey (visited)

Altars:
Ashenzari
Cheibriados
Dithmenos
Elyvilon
Fedhas
Gozag
Hepliaklqana
Kikubaaqudgha
Makhleb
Nemelex Xobeh
Okawaru
Qazlal
Ru
Sif Muna
Trog
Uskayaw
Vehumet
Wu Jian
Xom
Yredelemnul
Zin
The Shining One

Shops:
D:10 [

Annotations:
D:4 2 transporters, Galthrax's ghost, novice GnCj


Innate Abilities, Weirdness & Mutations

You cannot be hasted, slowed, berserked, paralysed or teleported.
You can dig through walls and to a lower floor.
You have a pair of large antennae on your head. (SInv)
Your four strong arms can wield two-handed weapons with a shield.


Message History

The six-headed hydra barely misses you. The six-headed hydra bites you!
The six-headed hydra bites you.
The six-headed hydra bites you but does no damage.
The six-headed hydra bites you! The six-headed hydra bites you.
The entropy weaver hits you but does no damage. x4
Unknown command.
The flow of time bends around you.
Cheibriados rebukes the six-headed hydra.
The six-headed hydra seems to slow down.
Cheibriados rebukes the entropy weaver.
The entropy weaver seems to slow down.
The six-headed hydra closely misses you. x2
The six-headed hydra bites you but does no damage.
The six-headed hydra bites you!
The six-headed hydra closely misses you.
The six-headed hydra bites you but does no damage.
Unknown command.
Magic courses through your body. The entropy weaver hits you.
* * * LOW HITPOINT WARNING * * *
The entropy weaver barely misses you. The entropy weaver hits you.
* * * LOW HITPOINT WARNING * * *
The entropy weaver hits you.
* * * LOW HITPOINT WARNING * * *
Unknown command.
Casting: Borgnjor's Vile Clutch (dangerous; 1% risk of failure)
Confirm with . or Enter, or press ? or * to list all spells.
Aiming: Stone Arrow (safe; 1% risk of failure)
Press: ? - help, Shift-Dir - straight line, f/p - six-headed hydra
Aim: a six-headed hydra (severely wounded, slow, 92% to hit)
The stone arrow hits the six-headed hydra!!
The six-headed hydra is almost dead.
The six-headed hydra bites you!
* * * LOW HITPOINT WARNING * * *
The six-headed hydra misses you.
The six-headed hydra bites you but does no damage.
The six-headed hydra bites you!
* * * LOW HITPOINT WARNING * * *
The six-headed hydra bites you but does no damage.
The six-headed hydra bites you!
You die...

.............##.......#
.............##.......##
..........<............#
...................$...#
#......................#
#......................#
.................?.....#
................[B...).####
.............##.@D....)..)..
.............#######..####..
............. ...#
............. ...#
............. ...B#,
.....^....... .....
#............ ......?
#....)....... #.#.
.............


You could see a six-headed hydra (slow) and an entropy weaver shaped shifter
(slow).

Vanquished Creatures
  Erica (D:9)
  3 two-headed ogres (D:10)
  3 death yaks
  2 orc knights (Bailey)
  2 manticores
  2 orc sorcerers (Bailey)
  Joseph (D:7)
  A gargoyle (D:11)
  Jeremiah (D:7)
  An unseen horror (D:11)
  An unseen horror zombie (D:10)
  A hornet (D:10)
  3 shadows
  2 wyverns (D:9)
  The ghost of kwasso the Shield-Bearer, an amateur FoFi (D:3)
  3 yaks (D:9)
  4 vampire mosquitoes (D:10)
  Menkaure (D:5)
  6 water moccasins
  9 orc warriors
  An ice beast (D:7)
  2 sky beasts (D:8)
  2 ogres
  3 centaurs
  A phantom (D:4)
  2 kobold brigands
  5 bullfrogs
  A gnoll sergeant (D:8)
  2 scorpions (D:6)
  6 killer bees (D:7)
  4 electric eels
  5 howler monkeys
  A bombardier beetle (D:4)
  4 hounds
  A gnoll bouda (D:8)
  4 jellies
  5 orc priests
  A sleepcap (D:6)
  Jessica (D:3)
  3 iguanas (D:5)
  11 orc wizards
  Ijyb (D:5)
  A howler monkey zombie (D:10)
  13 gnolls
  8 adders
  A shadow imp (D:8)
  4 white imps
  5 ufetubi
  4 dart slugs
  A ribbon worm (D:5)
  40 orcs
  5 ball pythons
  4 bats
  9 endoplasms
  5 giant cockroaches
  14 goblins
  8 hobgoblins
  6 quokkas
  3 frilled lizards
  21 kobolds
  2 rats (D:2)
268 creatures vanquished.

Notes
Turn   | Place    | Note
-------+----------+-------------------------------------------
     0 | D:1      | Bnni the Formicid Earth Elementalist began the quest for
                  | the Orb.
     0 | D:1      | Reached XP level 1. HP: 13/13 MP: 3/3
    16 | D:1      | Reached skill level 1 in Conjurations
   242 | D:1      | Reached XP level 2. HP: 12/20 MP: 1/5
   446 | D:1      | Reached skill level 4 in Earth Magic
   791 | D:2      | Reached XP level 3. HP: 25/25 MP: 4/6
   879 | D:2      | Learned a level 3 spell: Passwall
   992 | D:2      | Reached skill level 1 in Fighting
  1171 | D:2      | Reached XP level 4. HP: 29/32 MP: 2/7
  1195 | D:2      | Reached skill level 5 in Earth Magic
  1195 | D:2      | Reached XP level 5. HP: 22/38 MP: 0/9
  1280 | D:2      | Found a sacrificial altar of Ru.
  1280 | D:2      | Found a stormy altar of Qazlal.
  1280 | D:2      | Found a radiant altar of Vehumet.
  1280 | D:2      | Found a glowing silver altar of Zin.
  1280 | D:2      | Found a shimmering blue altar of Sif Muna.
  1280 | D:2      | Found a shimmering altar of Xom.
  1411 | D:2      | Learned a level 3 spell: Stone Arrow
  1913 | D:3      | Found a runed translucent door.
  1913 | D:3      | Noticed kwasso's ghost (amateur FoFi)
  2100 | D:3      | Noticed Jessica
  2105 | D:3      | Killed Jessica
  2164 | D:3      | Reached XP level 6. HP: 44/44 MP: 7/10
  2347 | D:3      | Found a faded altar of an unknown god.
  2475 | D:3      | Killed kwasso's ghost
  2476 | D:3      | Reached skill level 6 in Earth Magic
  2635 | D:4      | Reached XP level 7. HP: 35/51 MP: 1/12
  2658 | D:4      | Reached skill level 1 in Alchemy
  3120 | D:4      | Found a transporter.
  3121 | D:4      | Noticed Galthrax's ghost (novice GnCj)
  3126 | D:4      | Found a transporter.
  3293 | D:5      | Entered Level 5 of the Dungeon
  3404 | D:5      | Noticed Ijyb
  3409 | D:5      | Killed Ijyb
  3528 | D:5      | Reached skill level 7 in Earth Magic
  3579 | D:5      | Noticed a water moccasin
  3581 | D:5      | Killed a water moccasin
  3582 | D:5      | Reached skill level 1 in Necromancy
  3582 | D:5      | Reached XP level 8. HP: 60/60 MP: 11/14
  3608 | D:5      | Learned a level 4 spell: Olgreb's Toxic Radiance
  3615 | D:5      | Noticed Menkaure
  3631 | D:5      | Killed Menkaure
  4373 | D:6      | Reached skill level 8 in Earth Magic
  4373 | D:6      | Reached skill level 5 in Alchemy
  4452 | D:6      | Reached XP level 9. HP: 66/66 MP: 10/16
  4990 | D:6      | Reached skill level 5 in Spellcasting
  5148 | D:6      | Learned a level 5 spell: Borgnjor's Vile Clutch
  5205 | D:7      | Reached skill level 5 in Fighting
  5212 | D:7      | Reached skill level 9 in Earth Magic
  5372 | D:7      | Noticed Jeremiah
  5384 | D:7      | Killed Jeremiah
  5393 | D:7      | HP: 2/68 [bullfrog (6)]
  5401 | D:7      | Reached XP level 10. HP: 14/74 MP: 0/18
  5686 | D:7      | Noticed Joseph
  5692 | D:7      | Killed Joseph
  5757 | D:7      | Found a staircase to the Ecumenical Temple.
  5772 | Temple   | Entered the Ecumenical Temple
  5829 | D:7      | Reached skill level 5 in Necromancy
  5829 | D:7      | Reached skill level 10 in Earth Magic
  6230 | D:7      | Learned a level 4 spell: Petrify
  6962 | D:9      | Found a flagged portal.
  6988 | Bailey   | Entered a bailey
  7036 | Bailey   | Noticed an orc knight
  7061 | Bailey   | Killed an orc knight
  7595 | Bailey   | Noticed an orc sorcerer
  7601 | Bailey   | Killed an orc sorcerer
  7602 | Bailey   | Reached skill level 11 in Earth Magic
  7602 | Bailey   | Reached XP level 11. HP: 77/83 MP: 14/21
  7602 | Bailey   | Noticed an orc knight
  7631 | Bailey   | Killed an orc knight
  7854 | Bailey   | Found an iron altar of Okawaru.
  7854 | Bailey   | Noticed an orc sorcerer
  7859 | Bailey   | Killed an orc sorcerer
  7903 | Bailey   | Identified the +2 scale mail "Meudgh" {^Drain rN+ MP+9
                  | Slay+3}
  7939 | D:9      | Noticed Erica
  7942 | D:9      | Found a snail-covered altar of Cheibriados.
  7942 | D:9      | Found an ornate altar of the Wu Jian Council.
  7953 | D:9      | Killed Erica
  7954 | D:9      | Reached skill level 1 in Armour
  7964 | D:9      | Became a worshipper of Cheibriados the Contemplative
  8076 | D:9      | Noticed a death yak
  8077 | D:9      | Noticed a death yak
  8410 | D:8      | Killed a death yak
  8411 | D:8      | Reached skill level 1 in Invocations
  8661 | D:9      | Noticed a death yak
  8669 | D:9      | Reached skill level 12 in Earth Magic
  8701 | D:9      | Killed a death yak
  9111 | D:9      | Killed a death yak
  9386 | D:9      | Found a staircase to the Lair.
  9466 | D:9      | Reached * piety under Cheibriados
  9812 | D:10     | Entered Level 10 of the Dungeon
  9829 | D:10     | Found a staircase to the Orcish Mines.
  9835 | D:10     | Found a blossoming altar of Fedhas.
  9836 | D:10     | Found Muli's Antique Armour Emporium.
  9843 | D:10     | Bought a pair of glowing gloves for 240 gold pieces
  9850 | D:10     | Noticed a two-headed ogre
  9858 | D:10     | Killed a two-headed ogre
  9900 | D:10     | Found a broken altar of Ashenzari.
  9922 | D:10     | Reached XP level 12. HP: 79/92 MP: 15/23
 10105 | D:10     | Noticed a two-headed ogre
 10115 | D:10     | Killed a two-headed ogre
 10246 | D:10     | Found a basalt altar of Yredelemnul.
 10333 | D:10     | Found a stormy altar of Qazlal.
 10354 | D:10     | Noticed a two-headed ogre
 10359 | D:10     | Killed a two-headed ogre
 10705 | D:10     | Reached skill level 13 in Earth Magic
 11258 | D:11     | Reached ** piety under Cheibriados
 11264 | D:11     | Noticed a seven-headed hydra
 11265 | D:11     | a komodo dragon changed into an entropy weaver
 11265 | D:11     | Noticed an entropy weaver (shapeshifter)
 11278 | D:11     | HP: 4/94 [six-headed hydra (8)]
 11278 | D:11     | Slain by a six-headed hydra

Illustrated notes

Levels and vault maps discovered:
D:1:      dpeg_arrival_rhombus, layout_rooms
D:2:      cheibrodos_fertilizer, layout_basic, minmay_misc_feat_roman
D:3:      layout_basic, hellmonk_ecumenical_altar_heavens_door,
          gammafunk_ghost_grave, uniq_jessica
D:4:      layout_rooms, gammafunk_ghost_smash
D:5:      layout_rooms, kennysheep_generic_room_4, uniq_ijyb, uniq_menkaure
D:6:      layout_loops_ring, hangedman_minor_gate_pass
D:7:      layout_basic, minmay_temple_entry_crystal_x,
          kennysheep_generic_room_3, uniq_jeremiah, uniq_joseph
D:8:      nicolae_cairo_tiling_large_dashed, layout_gridville
D:9:      layout_basic, nicolae_overflow_two_pavilions, dpeg_lair_monsters,
          enter_bailey_5, uniq_erica
D:10:     layout_irregular_city, lemuel_zombie_altar_yredelemnul,
          chequers_temple_overflow_statue_of_worship, grunt_qazlal_clouds,
          orc_0_dummy, serial_shops, nicolae_shop_advertising_works
          [nicolae_subvault_shop_adworks]
D:11:     layout_gridville, kennysheep_cross_bottleneck, fountainhead,
          minmay_misc_feat_columns, minivault_20
Temple:   kb_temple_of_zot

Skill      XL: |  1  2  3  4  5  6  7  8  9 10 11 12 |
---------------+-------------------------------------+-----
Conjurations   | 1 2 3 |  3.0
Earth Magic    | 4 5 6 7 8 9 11 12 13 | 13.4
Fighting       | 1 2 3 4 5 6 7 8 |  8.4
Spellcasting   | 3 4 5 6 7 8 |  8.1
Alchemy        | 3 5 7 8 |  8.0
Necromancy     | 1 2 4 6 8 |  8.0
Armour         | 2 4 |  4.3
Invocations    | 2 4 |  4.3
Dodging        | |  1.7
Stealth        | |  2.4

Action                     |  1- 3 |  4- 6 |  7- 9 | 10-12 || total
---------------------------+-------+-------+-------+-------++-------
  Melee: Short sword       |     4 |    14 |    62 |   118 ||   198
         Unarmed           |     3 |       |       |       ||     3
         Scimitar          |       |       |       |     2 ||     2
  Throw: Dart              |       |       |       |     2 ||     2
         Throwing net      |       |       |       |     1 ||     1
   Cast: Sandblast         |    34 |    62 |   102 |    85 ||   283
         Olgreb's Toxic Ra |       |       |    16 |    48 ||    64
         Stone Arrow       |       |       |     1 |    12 ||    13
         Petrify           |       |       |       |    13 ||    13
         Borgnjor's Vile C |       |       |       |    25 ||    25
 Invoke: Bend Time         |       |       |       |     1 ||     1
  Evoke: Wand              |       |       |     4 |     5 ||     9
    Use: Potion            |       |       |     1 |     2 ||     3
   Stab: Petrified         |       |       |       |    37 ||    37
         Petrifying        |       |       |       |     1 ||     1
         Sleeping          |       |       |       |     1 ||     1
 Armour: Robe              |    11 |    30 |    86 |   153 ||   280
  Dodge: Dodged            |    13 |    33 |    71 |    97 ||   214
